 Dungeon Sprint DCSS version 0.20-a0-223-g066d66b (webtiles) character file.

1150 Dfrag the Cleaver (level 8, -3/126 HPs)
             Began as a Deep Dwarf Berserker on Nov 30, 2016.
             Was a Priest of Trog.
             Slain by a centaur warrior (10 damage)
             ... in the Dungeon (Sprint I: "Red Sonja").
             The game lasted 00:01:53 (647 turns).

Dfrag the Cleaver (Deep Dwarf Berserker)             Turns: 647, Time: 00:01:54

Health: -3/126     AC:  2    Str: 26    XL:     8   Next: 15%
Magic:  8/8        EV: 18    Int:  8    God:    Trog [***...]
Gold:   418        SH:  0    Dex: 14    Spells: 7/7 levels left

rFire  . . .     SeeInvis .     a - +0 hand axe
rCold  . . .     Gourm    .     b - +0 animal skin
rNeg   . . .     Faith    .     (no shield)
rPois  .         Spirit   .     (no helmet)
rElec  .         Reflect  .     (no cloak)
rCorr  .         Harm     .     (no gloves)
MR     +....     NoTele   +     (no boots)
Stlth  ..........               (no amulet)
                                (no ring)
                                (no ring)

@: berserking, starving, non-regenerating, very quick
A: damage resistance, recharge devices, sense surroundings 1, slow regeneration
3
a: Device Recharging, Berserk, Trog's Hand, Burn Spellbooks, Renounce Religion


You were in the Dungeon.
You worshipped Trog.
Trog was most pleased with you.
You were starving.

You visited 1 branch You collected 418 gold pieces.

Inventory:

Hand Weapons
 a - a +0 hand axe (weapon)
Armour
 b - a +0 animal skin (worn)
Wands
 c - a wand of heal wounds (4/9)
Scrolls
 j - a scroll of blinking
Potions
 e - a potion of curing
 f - a potion of heal wounds
 g - a potion of haste
 h - 2 potions of magic
 i - a potion of berserk rage
 l - a potion of agility {unknown}
Comestibles
 d - a bread ration


   Skills:
 + Level 8.8 Fighting
 + Level 10.4 Axes
 + Level 10.1 Armour
 + Level 10.1 Dodging


You had 7 spell levels left.
You didn't know any spells.

Dungeon Overview and Level Annotations

Branches:
Dungeon (1/1)

Altars:
Cheibriados
Dithmenos
Elyvilon
Fedhas
Gozag
Hepliaklqana
Kikubaaqudgha
Makhleb
Nemelex Xobeh
Okawaru
Qazlal
Ru
Sif Muna
Trog
Uskayaw
Vehumet
Xom
Yredelemnul
Zin
The Shining One
Jiyva
Lugonu

Shops:
D %


Innate Abilities, Weirdness & Mutations

You are resistant to damage.
You can recharge devices by infusing magical energy.
You passively map a small area around you.
You do not regenerate.


Message History

* * * LOW HITPOINT WARNING * * *
Unknown command.
A red film seems to cover your vision as you go berserk!
You feel yourself moving faster!
You feel mighty!
You are starving!
The centaur warrior hits you!
* * * LOW HITPOINT WARNING * * *
The centaur warrior misses you. The centaur warrior hits you.
* * * LOW HITPOINT WARNING * * *
You hit the centaur warrior.
The centaur warrior is lightly wounded.
You hit the centaur warrior. The centaur warrior hits you!
* * * LOW HITPOINT WARNING * * *
Unknown command.
You closely miss the centaur warrior.
The centaur warrior is lightly wounded.
You hit the centaur warrior but do no damage.
The centaur warrior completely misses you.
The centaur warrior hits you!
You die...

################ *
#..)..#.)'..#__# +
[..#..'..#..'^.+,, ,
*
#####'#####'#__####,
####..#...#.####[§# *
, #__####..##(#§≈≈.c#
#_____##'#..'≈§§@§+,,
#_.∩...'..._#≈≈§§c# ,
#_..__##_.#'##+#### *
#_____###'#.#, , *
#########.### + * * ,
, ,+...+ , + * * ++ *
#...# * ,* , **##.##
,, * , #+#,


You could see 2 centaur warriors.

Vanquished Creatures
  Sonja (D)
  A slime creature (D)
  Sigmund (D)
  A yak (D)
  An ogre (D)
  A jelly (D)
  Ijyb (D)
7 creatures vanquished.

Notes
Turn   | Place    | Note
-------+----------+-------------------------------------------
     0 | D        | Dfrag the Deep Dwarf Berserker began the quest for the Orb.
     0 | D        | Reached XP level 1. HP: 20/20 MP: 1/1
     1 | D        | Noticed Ijyb
    13 | D        | Killed Ijyb
    13 | D        | Reached XP level 2. HP: 30/30 MP: 2/2
    56 | D        | Noticed an ogre
    59 | D        | Killed an ogre
    59 | D        | Reached skill level 5 in Axes
    59 | D        | Reached skill level 5 in Armour
    59 | D        | Reached skill level 5 in Dodging
    59 | D        | Reached XP level 3. HP: 32/38 MP: 3/3
    59 | D        | Reached XP level 4. HP: 38/45 MP: 4/4
   307 | D        | Noticed Sigmund
   317 | D        | Killed Sigmund
   317 | D        | Reached ** piety under Trog
   317 | D        | Reached XP level 5. HP: 39/55 MP: 5/5
   362 | D        | Found a burning altar of Makhleb.
   362 | D        | Found a viscous altar of Jiyva.
   362 | D        | Found a shimmering altar of Xom.
   362 | D        | Found a corrupted altar of Lugonu.
   362 | D        | Noticed a slime creature
   370 | D        | Killed a slime creature
   370 | D        | Reached XP level 6. HP: 52/66 MP: 6/6
   385 | D        | Found a deep blue altar of Sif Muna.
   387 | D        | Found a radiant altar of Vehumet.
   398 | D        | Found Iriat's Food Emporium.
   398 | D        | Found an ancient bone altar of Kikubaaqudgha.
   398 | D        | Found a hazy altar of Hepliaklqana.
   398 | D        | Found a stormy altar of Qazlal.
   398 | D        | Found a hide-covered altar of Uskayaw.
   398 | D        | Found a blossoming altar of Fedhas.
   398 | D        | Found a bloodstained altar of Trog.
   398 | D        | Found an iron altar of Okawaru.
   398 | D        | Found a basalt altar of Yredelemnul.
   398 | D        | Found a glowing golden altar of the Shining One.
   398 | D        | Found a snail-covered altar of Cheibriados.
   398 | D        | Found a sacrificial altar of Ru.
   398 | D        | Found a glowing silver altar of Zin.
   398 | D        | Found a shadowy altar of Dithmenos.
   398 | D        | Found a white marble altar of Elyvilon.
   398 | D        | Noticed a yak
   399 | D        | Found an opulent altar of Gozag.
   411 | D        | Killed a yak
   411 | D        | Reached XP level 7. HP: 39/72 MP: 7/7
   412 | D        | Found a sparkling altar of Nemelex Xobeh.
   456 | D        | Noticed Sonja
   471 | D        | Killed Sonja
   471 | D        | Reached *** piety under Trog
   471 | D        | Reached skill level 10 in Axes
   471 | D        | Reached skill level 10 in Armour
   471 | D        | Reached skill level 10 in Dodging
   471 | D        | Reached XP level 8. HP: 30/84 MP: 8/8
   610 | D        | Noticed a centaur warrior
   641 | D        | Noticed a centaur warrior
   647 | D        | Slain by a centaur warrior

Vault maps used:
D:        dungeon_sprint_1

Skill      XL: |  1  2  3  4  5  6  7 |
---------------+----------------------+-----
Fighting       | 3 4 6 7 8 |  8.8
Axes           | 4 5 7 8 9 10 | 10.4
Armour         | 3 5 7 8 10 | 10.1
Dodging        | 3 5 7 8 10 | 10.1

Action                   |  1- 3 |  4- 6 |  7- 9 || total
-------------------------+-------+-------+-------++-------
Melee: Hand axe          |    13 |    25 |     8 ||    46
Invok: Berserk           |     2 |     2 |     2 ||     6
       Trog's Hand       |       |     2 |     2 ||     4
Evoke: Wand              |       |     1 |       ||     1
 Stab: Sleeping          |       |     1 |       ||     1
  Eat: Chunk             |       |     1 |     3 ||     4
Armor: Animal skin       |       |     1 |     3 ||     4
Dodge: Dodged            |     6 |    13 |    19 ||    38
